 Dungeon Crawl Stone Soup version 0.30-a0-639-g3916f1956a (webtiles) character file.

Game seed: 6628623582428419596

2440 wormed the Magician (level 9, -4/55 HPs)
             Began as an Octopode Conjurer on Jan 17, 2023.
             Was an Initiate of Gozag.
             Slain by Joseph
             ... wielding a +0 quarterstaff of speed
              (19 damage)
             ... on level 8 of the Dungeon.
             The game lasted 00:11:15 (7665 turns).

wormed the Magician (Octopode Conjurer)             Turns: 7665, Time: 00:11:15

Health: -4/55      AC:  4    Str:  6    XL:     9   Next: 49%
Magic:  4/20       EV: 18    Int: 26    God:    Gozag
Gold:   697        SH:  0    Dex: 11    Spells: 16/23 levels left

rFire   . . .      SeeInvis +      - Unarmed
rCold   . . .      Faith    .    (no shield)
rNeg    . . .      Spirit   .    g - +3 crown of Dyrovepreva {rElec Int+2 SInv}
rPois   .          Reflect  .    (no amulet)
rElec   +          Harm     .    e - +5 ring of evasion
rCorr   .          Rampage  .    f - ring of see invisible
Will    .....                    (no ring)
Stlth   +++                      (no ring)
HPRegen 0.29/turn                (no ring)
MPRegen 0.17/turn                (no ring)
                                 (no ring)
                                 (no ring)

@: no status effects
A: almost no armour, amphibious, 8 rings, camouflage 1, gelatinous body 1,
(nimble swimmer 1), tentacles
a: Renounce Religion, Potion Petition, Call Merchant, Bribe Branch


You were on level 8 of the Dungeon.
You worshipped Gozag.
Gozag was pleased with you.
You visited 2 branches of the dungeon, and saw 9 of its levels.

You collected 744 gold pieces.
You paid 47 gold pieces to Gozag.

Inventory:

Missiles
 a - 4 throwing nets (quivered)
Armour
 g - the +3 crown of Dyrovepreva (worn) {rElec Int+2 SInv}
   (You acquired it on level 4 of the Dungeon)

   Int:       It affects your intelligence (+2).
   rElec:     It insulates you from electricity.
   SInv:      It lets you see invisible.
Jewellery
 e - a +5 ring of evasion (left tentacle)
 f - a ring of see invisible (right tentacle)
Wands
 m - a wand of digging (3)
 n - a wand of roots (8)
 s - a wand of polymorph (12)
Scrolls
 c - 3 scrolls of teleportation
 d - 5 scrolls of enchant weapon
 h - a scroll of magic mapping
 k - a scroll of brand weapon
 p - 2 scrolls of amnesia
 r - 2 scrolls of fog
 u - a scroll of identify
Potions
 b - a potion of cancellation
 i - 2 potions of flight
 j - a potion of mutation
 l - 6 potions of heal wounds {unknown}
 o - 2 potions of attraction {unknown}
 q - 2 potions of ambrosia {unknown}
 t - a potion of degeneration {unknown}


   Skills:
 + Level 2.5 Fighting
 + Level 3.3 Dodging
 - Level 2.6 Stealth
 + Level 2.4 Unarmed Combat
 - Level 7.6 Spellcasting
 - Level 4.0 Conjurations
 * Level 3.7 Summonings
 - Level 7.1 Transmutations


You had 16 spell levels left.
You knew the following spells:

 Your Spells              Type           Power      Damage    Failure   Level
a - Searing Ray           Conj           60%        2d6       1%          2
b - Wereblood             Tmut           46%        N/A       1%          2
c - Call Canine Familiar  Summ           29%        N/A       3%          3

Your spell library contained the following spells:

 Spells                   Type           Power      Damage    Failure   Level
 Magic Dart               Conj           100%       1d8       1%          1
 Dazzling Flash           Conj/Hex       40%        N/A       8%          3
 Cigotuvi's Dreadful Rot  Necr/Pois/Air  18%        N/A       9%          2
 Poisonous Vapours        Pois/Air       18%        N/A       9%          2
 Sublimation of Blood     Necr           9%         N/A       9%          2
 Mephitic Cloud           Conj/Pois/Air  16%        N/A       11%         3
 Ozocubu's Armour         Ice            9%         N/A       19%         3
 Portal Projectile        Hex/Tloc       18%        N/A       19%         3
 Fulminant Prism          Conj/Hex       10%        3d8       26%         4
 Iskenderun's Mystic Bla  Conj/Tloc      20%        2d6       26%         4
 Leda's Liquefaction      Hex/Erth       4%         N/A       52%         4
 Ozocubu's Refrigeration  Ice            4%         4d8       100%        7
 Summon Hydra             Summ           14%        N/A       100%        7


Dungeon Overview and Level Annotations

Branches:
Dungeon (8/15)             Temple (1/1) D:4
   Lair: D:8-11

Altars:
Ashenzari
Dithmenos
Fedhas
Gozag
Hepliaklqana
Kikubaaqudgha
Makhleb
Nemelex Xobeh
Okawaru
Qazlal
Ru
Sif Muna
Trog
Uskayaw
Wu Jian
Xom
Zin
The Shining One

Shops:
D:6 ?

Annotations:
D:7 Eustachio
D:8 Joseph


Innate Abilities, Weirdness & Mutations

You cannot wear most types of armour.
You are amphibious.
You can wear up to eight rings at the same time.
Your skin changes colour to match your surroundings (Stealth+).
Your rubbery body absorbs attacks. (AC +1, EV +1)
((You are camouflaged when in or above water. (Stealth+)))
You have tentacles for arms and can constrict up to eight enemies at once.


Message History

Found a stone staircase leading down.
There is a stone staircase leading up here.
Joseph is nearby!
Casting: Call Canine Familiar (dangerous; 3% risk of failure)
Confirm with . or Enter, or press ? or * to list all spells.
Aiming: Searing Ray (safe; 1% risk of failure)
Press: ? - help, Shift-Dir - straight line, f - Joseph
Aim: Joseph, wielding a +0 quarterstaff of speed and wearing a +0 leather armour (asleep, 100% to hit)
The searing ray hits Joseph.
Joseph is lightly wounded.
Joseph shouts! (Press . to maintain the ray.) Joseph hits you with a +0 quarterstaff of speed.
The searing ray hits Joseph!
Joseph is lightly wounded.
Joseph closely misses you.
The searing ray misses Joseph.
Joseph closely misses you.
Joseph hits you with a +0 quarterstaff of speed.
The searing ray hits Joseph!
Joseph is moderately wounded.
You finish channelling your searing ray.
Joseph hits you with a +0 quarterstaff of speed!
Casting: Searing Ray (safe; 1% risk of failure)
Confirm with . or Enter, or press ? or * to list all spells.
Aiming: Searing Ray (safe; 1% risk of failure)
Press: ? - help, Shift-Dir - straight line, f/p - Joseph
Aim: Joseph, wielding a +0 quarterstaff of speed and wearing a +0 leather armour (moderately wounded, 79% to hit)
The searing ray misses Joseph. (Press . to maintain the ray.) Joseph hits you with a +0 quarterstaff of speed!
The searing ray hits Joseph!
Joseph is heavily wounded.
Joseph barely misses you.
Joseph shouts, "I love to fight!
I love killing!"
Joseph hits you with a +0 quarterstaff of speed!
* * * LOW HITPOINT WARNING * * *
The searing ray misses Joseph.
Joseph hits you with a +0 quarterstaff of speed!!
You die...
Your body crumbles into a pile of gold.

.......#
./....#
.##.....##
...$.....####
............
..>.......#
........@.#
......)@..#
..........#
..........#
.........##
.##.....##
#######


You could see Joseph.

Vanquished Creatures
  2 vampire mosquitoes (D:7)
  Edmund (D:5)
  An orc warrior (D:7)
  2 ice beasts
  2 black bears
  5 ogres
  2 centaurs (D:7)
  A phantom (D:6)
  Blork the orc (D:7)
  6 wights
  A howler monkey (D:6)
  4 orc priests
  A jelly (D:7)
  3 hounds
  4 iguanas
  2 orc wizards (D:7)
  Ijyb (D:4)
  2 gnolls (D:3)
  3 adders
  2 white imps (D:6)
  2 ufetubi (D:4)
  3 dart slugs
  19 orcs
  5 ball pythons
  6 endoplasms
  2 giant cockroaches (D:4)
  6 goblins
  5 hobgoblins
  8 jackals
  3 bats
  2 frilled lizards (D:3)
  5 kobolds
  4 rats
116 creatures vanquished.

Vanquished Creatures (others)
  5 fungi (D:5)
  20 plants (D:5)
25 creatures vanquished.

Grand Total: 141 creatures vanquished

Notes
Turn   | Place    | Note
-------+----------+-------------------------------------------
     0 | D:1      | wormed the Octopode Conjurer began the quest for the Orb.
     0 | D:1      | Reached XP level 1. HP: 11/11 MP: 3/3
   609 | D:1      | Reached XP level 2. HP: 17/17 MP: 3/5
  1036 | D:2      | Learned a level 2 spell: Searing Ray
  1039 | D:2      | Learned a level 2 spell: Wereblood
  1172 | D:2      | Reached XP level 3. HP: 16/21 MP: 1/7
  2264 | D:3      | Reached XP level 4. HP: 27/27 MP: 2/9
  2461 | D:3      | Found a stormy altar of Qazlal.
  2686 | D:3      | Reached skill level 1 in Transmutations
  2978 | D:4      | Identified a scroll of acquirement
  2978 | D:4      | Acquired the +3 crown of Dyrovepreva {rElec Int+2 SInv}
  2978 | D:4      | Found the +3 crown of Dyrovepreva {rElec Int+2 SInv}
  2991 | D:4      | Found a blossoming altar of Fedhas.
  3047 | D:4      | Noticed a black bear
  3059 | D:4      | Killed a black bear
  3060 | D:4      | Reached XP level 5. HP: 16/31 MP: 2/11
  3322 | D:4      | Found a sacrificial altar of Ru.
  3466 | D:4      | Noticed Ijyb
  3479 | D:4      | Killed Ijyb
  3480 | D:4      | Reached XP level 6. HP: 10/36 MP: 5/13
  3651 | D:4      | Found a staircase to the Ecumenical Temple.
  3741 | Temple   | Entered the Ecumenical Temple
  3827 | Temple   | Became a worshipper of Gozag Ym Sagoz the Greedy
  3911 | D:4      | Reached skill level 5 in Spellcasting
  4009 | D:5      | Entered Level 5 of the Dungeon
  4059 | D:5      | Noticed Edmund
  4078 | D:5      | Killed Edmund
  4189 | D:5      | Found a hide-covered altar of Uskayaw.
  4210 | D:5      | Reached XP level 7. HP: 35/41 MP: 6/15
  4549 | D:5      | Found a glowing silver altar of Zin.
  4624 | D:5      | Reached skill level 5 in Transmutations
  5047 | D:6      | Reached XP level 8. HP: 46/46 MP: 12/17
  5174 | D:6      | Found an ancient bone altar of Kikubaaqudgha.
  5333 | D:6      | Found a sparkling altar of Nemelex Xobeh.
  5361 | D:6      | Found Hathredo's Magic Scroll Shoppe.
  5383 | D:6      | Found a hazy altar of Hepliaklqana.
  6309 | D:6      | Learned a level 3 spell: Call Canine Familiar
  6345 | D:7      | Reached skill level 1 in Summonings
  6404 | D:7      | Reached XP level 9. HP: 52/52 MP: 15/20
  6469 | D:7      | Found an iron altar of Okawaru.
  6494 | D:7      | Reached skill level 1 in Fighting
  6494 | D:7      | Reached skill level 1 in Unarmed Combat
  6934 | D:7      | Found a shadowy altar of Dithmenos.
  7260 | D:7      | Noticed Blork the orc
  7266 | D:7      | Killed Blork the orc
  7267 | D:7      | Noticed Eustachio
  7658 | D:8      | Noticed Joseph
  7665 | D:8      | Slain by Joseph

Illustrated notes

Levels and vault maps discovered:
D:1:      dpeg_arrival_ternary, layout_basic
D:2:      layout_loops_ring, kennysheep_generic_room_13
D:3:      layout_basic, nicolae_qazlal_scattered_showers,
          hangedman_decor_clover_reticule, minmay_unequal
D:4:      layout_cave_pools, fedhas_altar_1,
          mainiacjoe_overflow_surrounded_room, temple_green, st_stairs_9,
          uniq_ijyb
D:5:      cheibrodos_quashed, layout_cave_pools, mainiacjoe_overflow_brackets,
          mainiacjoe_overflow_chevrons, uniq_edmund
D:6:      layout_basic, amcnicky_altar_gilded, mainiacjoe_overflow_catwalk,
          nemelex_altar_shiori, serial_shops, shop
D:7:      layout_loops_corners, grunt_dithmenos_smoke_and_mirrors,
          overflow_temple_1_default, sword_in_stone
D:8:      layout_rooms, lemuel_crystal_altar, nicolae_vehumet_altar_sigil,
          lemuel_flamethrower_1, uniq_joseph
Temple:   nicolae_temple_colour_theory

Skill      XL: |  1  2  3  4  5  6  7  8  9 |
---------------+----------------------------+-----
Spellcasting   | 3 4 5 6 7 |  7.6
Transmutations | 2 4 5 7 |  7.1
Summonings     | 1 3 |  3.7
Fighting       | 2 |  2.5
Unarmed Combat | 2 |  2.4
Dodging        | 3 |  3.3
Stealth        | |  2.6
Conjurations   | |  4.0

Action                   |  1- 3 |  4- 6 |  7- 9 || total
-------------------------+-------+-------+-------++-------
Melee: Unarmed           |    23 |    49 |     4 ||    76
       Constrict         |     5 |     4 |     2 ||    11
       Tentacles         |     5 |     4 |     1 ||    10
Throw: Throwing net      |       |       |     2 ||     2
 Cast: Magic Dart        |    27 |     1 |       ||    28
       Searing Ray       |    15 |    31 |    61 ||   107
       Call Canine Famil |       |       |     3 ||     3
  Use: Scroll            |     9 |     6 |     2 ||    17
       Potion            |       |     4 |       ||     4
Armor: Skin              |     1 |    47 |     2 ||    50
Dodge: Dodged            |    23 |    51 |    60 ||   134

Table legend: (Time is in decaauts)
 A = Elapsed time spent in this place.
 B = Non-inter-level travel time spent in this place.
 C = Inter-level travel time spent in this place.
 D = Time resting spent in this place.
 E = Time spent auto-exploring this place.
 F = Levels seen in this place.
 G = Mean time per level.
                   A        B        C        D        E       F      G
               +--------+--------+--------+--------+--------+-----+--------+
         Total |   7664 |   7514 |    150 |      0 |   6561 |   9 |  851.6 |
       Dungeon |   7563 |   7426 |    137 |      0 |   6497 |   8 |  945.4 |
        Temple |    100 |     87 |     13 |      0 |     64 |   1 |  100.0 |
               +--------+--------+--------+--------+--------+-----+--------+

Top non-repeatable levels by time:
     D:6: 1354 daAuts
     D:7: 1273 daAuts
     D:3: 1085 daAuts
     D:5: 1019 daAuts
     D:2: 988 daAuts
     D:4: 936 daAuts
     D:1: 899 daAuts
  Temple: 100 daAuts
     D:8: 6 daAuts
